 Dungeon Crawl Stone Soup version 0.30-a0-956-gcec3b41aec (webtiles) character file.

Game seed: 648331801482296716

371 iguanaiguana the Digger (level 6, -6/48 HPs)
             Began as an Armataur Earth Elementalist on Mar 30, 2023.
             Mangled by a yak (15 damage)
             ... on level 5 of the Dungeon.
             The game lasted 00:12:01 (1500 turns).

iguanaiguana the Digger (AtEE)                      Turns: 1500, Time: 00:12:02

Health: -6/48      AC:  5    Str: 20    XL:     6   Next: 42%
Magic:  8/8        EV:  9    Int: 17    God:
Gold:   108        SH:  0    Dex: 10    Spells: 2/8 levels left

rFire   . . .      SeeInvis .    e - +6 mace "Duzou" {heavy, rC+ rN+}
rCold   + . .      Faith    .    (no shield)
rNeg    + . .      Spirit   .    a - +1 robe
rPois   .          Reflect  .    (no helmet)
rElec   .          Roll     +    (no cloak)
rCorr   .                        (no gloves)
Will    .....                    (no barding)
Stlth   ++                       k - amulet of the acrobat
HPRegen 0.28/turn                c - +6 ring of strength
MPRegen 0.11/turn                (no ring)

@: no status effects
A: large, rugged brown scales 3, deformed body, armoured tail, roll, long
tongue, awkward tongue
a: no special abilities


You were on level 5 of the Dungeon.
You visited 1 branch of the dungeon, and saw 5 of its levels.

You collected 108 gold pieces.

Inventory:

Hand Weapons
 e - the +6 mace "Duzou" (weapon) {heavy, rC+ rN+}
   (You found it on level 3 of the Dungeon)

   rC:        It protects you from cold.
   rN:        It protects you from negative energy.
Missiles
 h - 3 javelins (quivered)
 i - 4 poisoned darts
Armour
 a - a +1 robe (worn)
Jewellery
 c - a +6 ring of strength (left hand)
 k - an amulet of the acrobat (around neck)
Potions
 b - a potion of magic
 d - a potion of heal wounds {@q2}
 g - 2 potions of curing {@q1}


   Skills:
 - Level 1.3 Dodging
 - Level 2.1 Stealth
 - Level 1.7 Spellcasting
 - Level 0.8 Transmutations
 + Level 6.7 Earth Magic


You had 2 spell levels left.
You knew the following spells:

 Your Spells              Type           Power      Damage    Failure   Level
a - Sandblast             Erth           48%        2d12      1%          1
b - Passwall              Tmut/Erth      11%        N/A       6%          2
c - Stone Arrow           Conj/Erth      24%        3d8       16%         3

Your spell library contained the following spells:

 Spells                   Type           Power      Damage    Failure   Level
 Apportation              Tloc           2%         N/A       21%         1
 Kiss of Death            Conj/Necr      4%         2d5       21%         1
 Necrotise                Necr           4%         1d4       21%         1
 Summon Small Mammal      Summ           4%         N/A       21%         1
 Petrify                  Tmut/Erth      14%        N/A       38%         4
 Confusing Touch          Hex            1%         N/A       52%         3
 Dispel Undead            Necr           1%         3d6       89%         4


Dungeon Overview and Level Annotations

Branches:
Dungeon (5/15) Zot: 26512
 Temple: D:4-7

Altars:
Gozag
Makhleb
Yredelemnul

Annotations:
D:4 Dowan, Duvessa


Innate Abilities, Weirdness & Mutations

You are completely covered in rugged brown scales. (AC +3, +7% HP)
Armour fits poorly on your strangely shaped body.
You have a long armoured tail.
You roll when moving toward enemies. (Rampage)
Your long tongue fully drains potion bottles. (2x potion effects)
Your tongue gives you trouble enunciating. (1.5x scroll delay)


Message History

The orc priest casts a cantrip, but nothing happens.
Duvessa hits you with a +0 short sword. Duvessa attacks as you move away!
Duvessa hits you with a +0 short sword. Duvessa attacks as you move away!
Duvessa hits you with a +0 short sword! Duvessa attacks as you move away!
Duvessa hits you with a +0 short sword.
* * * LOW HITPOINT WARNING * * *
Dowan casts a spell.
Dowan blinks!
Duvessa attacks as you move away!
Duvessa is no longer moving quickly.
The orc priest invokes the aid of Beogh against you.
Beogh smites you!
* * * LOW HITPOINT WARNING * * *
A kobold comes into view. It is wielding a +0 short sword.
The kobold moves out of view.
Dowan says, "Stay away from my face!"
The orc shouts!
Dowan casts a spell.
Dowan blinks!
Duvessa attacks as you move away! Duvessa attacks as you move away!
Duvessa hits you with a +0 short sword.
* * * LOW HITPOINT WARNING * * *
There is a stone staircase leading up here.
Duvessa hits you with a +0 short sword.
* * * LOW HITPOINT WARNING * * *
You climb upwards.
There is a stone staircase leading down here.
Unknown command.
Unknown command.
There is a stone staircase leading down here.
You climb downwards.
Level annotation: Dowan, Duvessa
There is a stone staircase leading up, spattered with blood here.
There is a stone staircase leading down here.
You climb downwards.
The yak gores you!
* * * LOW HITPOINT WARNING * * *
The yak gores you!
* * * LOW HITPOINT WARNING * * *
There is a stone staircase leading up, spattered with blood here.
The yak gores you!
You die...

,,,,,,***,**,* #.#.Y...#
**** ,<,,,,,,,,**,*
#.#.#...#
,,,,*,***###.####..YY..!#
,,,,,,,,,..........#.#.##
*****
,,,,,,***#.#.###.......#
**,,,* ,,***,*
*,#.###.#.....# **,,,,,
,,,,,,*
*,#.....#.#.#.###*,,,,,,
*******
*,#..#Y.#.#.#.#.,,,,,,,,
*.#..#Y@........**,,,,,,
#......YY.#.#.#***,,,,,,
####.####.#.#.# *,*,,,,
*...* #.....# *,**,*,
#.#** ###.### *,*,,*, #.*
#.....# *,*,**, #,*
#.....# *,*,**, *,*
#.....# *,,,,,, *,*
#.....# ***,***


You could see 4 yaks.

Vanquished Creatures
  2 scorpions
  An orc priest (D:3)
  3 iron imps
  An orc wizard (D:3)
  Robin (D:3)
  4 adders
  An ufetubus (D:4)
  A dart slug (D:3)
  A worm (D:3)
  7 orcs (D:3)
  3 ball pythons
  A bat (D:3)
  5 endoplasms
  3 giant cockroaches
  11 goblins
  4 hobgoblins
  A quokka (D:3)
  A frilled lizard (D:2)
  A kobold (D:4)
  6 rats
  A spectral orc (D:4)
59 creatures vanquished.

Notes
Turn   | Place    | Note
-------+----------+-------------------------------------------
     0 | D:1      | iguanaiguana the Armataur Earth Elementalist began the
                  | quest for the Orb.
     0 | D:1      | Reached XP level 1. HP: 14/14 MP: 3/3
   111 | D:3      | Reached skill level 3 in Earth Magic
   138 | D:3      | Reached XP level 2. HP: 21/21 MP: 1/4
   141 | D:3      | Learned a level 2 spell: Passwall
   148 | D:3      | Identified the +6 mace "Duzou" {heavy, rC+ rN+}
   237 | D:3      | Found an opulent altar of Gozag.
   323 | D:3      | Reached XP level 3. HP: 20/27 MP: 3/5
   347 | D:4      | Noticed a scorpion
   374 | D:4      | Killed a scorpion
   375 | D:4      | Reached skill level 4 in Earth Magic
   375 | D:4      | Reached XP level 4. HP: 20/35 MP: 0/6
   379 | D:4      | Learned a level 3 spell: Stone Arrow
   391 | D:4      | Found a burning altar of Makhleb.
   422 | D:4      | Reached skill level 5 in Earth Magic
   536 | D:3      | Noticed a scorpion
   553 | D:3      | Reached XP level 5. HP: 40/40 MP: 4/7
   589 | D:3      | Reached skill level 6 in Earth Magic
   798 | D:3      | Reached XP level 6. HP: 23/48 MP: 6/8
   865 | D:4      | Noticed Robin
  1047 | D:5      | Entered Level 5 of the Dungeon
  1070 | D:5      | Noticed a yak
  1075 | D:5      | Noticed a yak
  1075 | D:5      | Noticed a yak
  1075 | D:5      | Noticed a yak
  1147 | D:4      | Found a basalt altar of Yredelemnul.
  1296 | D:3      | Killed Robin
  1382 | D:4      | Noticed Duvessa
  1383 | D:4      | Noticed Dowan
  1500 | D:5      | Mangled by a yak

Illustrated notes

Levels and vault maps discovered:
D:1:      lemuel_arrival_river_ford, layout_loops_ring, minmay_misc_feat_x
D:2:      layout_basic, uniq_jessica
D:3:      minmay_octagon_keep, layout_basic,
          nicolae_gozag_cash_rules_everything_around_me, serial_glass,
          glass_columns_b, glass_columns_c, minmay_strange_pillars,
          item_on_display_a, minmay_strange_pillars, kennysheep_generic_room_11
D:4:      layout_rooms, yredelemnul_forgotten_temple_becter, demons_altar,
          nicolae_tso_carved_into_rock, nrook_mini_vaults, uniq_robin,
          uniq_duvessa
D:5:      layout_loops_cross, serial_shops, shop, uniq_ijyb, uniq_blork_the_orc

Skill      XL: |  1  2  3  4  5 |
---------------+----------------+-----
Earth Magic    | 3 4 5 6 |  6.7
Dodging        | |  1.3
Stealth        | |  2.1
Spellcasting   | |  1.7
Transmutations | |  0.8

Action                     |  1- 3 |  4- 6 || total
---------------------------+-------+-------++-------
  Melee: Unarmed           |     5 |       ||     5
         Tailslap          |     1 |     5 ||     6
         Mace              |     8 |    71 ||    79
         Punch             |       |     1 ||     1
   Cast: Sandblast         |    20 |    21 ||    41
         Stone Arrow       |       |     5 ||     5
    Use: Potion            |       |     4 ||     4
         Scroll            |       |     3 ||     3
   Stab: Sleeping          |     1 |     1 ||     2
 Armour: Robe              |    10 |    43 ||    53
  Dodge: Dodged            |    16 |    96 ||   112

Table legend: (Time is in decaauts)
 A = Elapsed time spent in this place.
 B = Non-inter-level travel time spent in this place.
 C = Inter-level travel time spent in this place.
 D = Time resting spent in this place.
 E = Time spent auto-exploring this place.
 F = Levels seen in this place.
 G = Mean time per level.
                   A        B        C        D        E       F      G
               +--------+--------+--------+--------+--------+-----+--------+
         Total |   1615 |   1454 |    161 |     69 |      0 |   5 |  323.0 |
       Dungeon |   1615 |   1454 |    161 |     69 |      0 |   5 |  323.0 |
               +--------+--------+--------+--------+--------+-----+--------+

Top non-repeatable levels by time:
     D:3: 879 daAuts
     D:4: 575 daAuts
     D:2: 95 daAuts
     D:5: 43 daAuts
     D:1: 22 daAuts
